AoeStats
← Kez

Nomad

507335249Analyzed
3v3 RM · 14d ago on Sep 17, 2026· 53m 31s· 6 players
Game mode
Random Map
Map size
210×210
Population
200
Speed
Normal
Resources
Standard
Victory
Conquest
Starting age
Dark Age
Ending age
Imperial Age
RankedLock teamsTeams togetherTeam positionsShared explorationLock speedFull tech treeHidden civsTurbo modeCheats
Victory
Defeat
🇩🇪 Magyars · Germany
1333
+16
🇳🇱 Aztecs · Netherlands
1292
+18
🇫🇷 Spanish · France
1204
+21
🇹🇷 Persians · Türkiye
1354
-19
🇹🇷 Italians · Türkiye
1354
-19
🇹🇷 Malay · Türkiye
1296
-17
Kez
5:51 Loom
13:11 Feudal Age
13:40 Man-at-Arms
23:07 Castle Age
25:16 Double-Bit Axe
26:24 Horse Collar
28:50 Gold Mining
28:52 Stone Mining
28:33 Elite Skirmisher
36:52 Imperial Age
35:31 Wheelbarrow
34:56 Fletching
35:27 Heavy Plow
35:47 Padded Archer Armor
36:33 Bodkin Arrow
38:21 Ballistics
38:53 Bracer
38:54 Scale Mail Armor
39:48 Leather Archer Armor
40:36 Chemistry
40:31 Bow Saw
40:51 Atlatl
41:27 Conscription
40:57 Treadmill Crane
42:14 Hand Cart
41:45 Town Watch
44:44 Capped Ram
45:20 Pikeman
46:01 Squires
45:48 Arson
46:19 Chain Mail Armor
46:15 Forging
47:54 Plate Mail Armor
49:23 Iron Casting
49:55 Eagle Warrior
51:37 Crop Rotation
51:02 Elite Eagle Warrior
Oh Bossom
3:56 Loom
14:14 Feudal Age
20:24 Castle Age
18:54 Double-Bit Axe
21:45 Medium Warships
23:48 Bow Saw
23:24 Horse Collar
24:07 Fishing Lines
28:06 Wheelbarrow
28:57 Heavy Plow
31:43 Hand Cart
32:02 Scale Barding Armor
35:01 Imperial Age
33:49 Chain Barding Armor
33:29 Gold Mining
34:36 Bloodlines
34:28 Husbandry
36:19 Plate Barding Armor
35:05 Cavalier
35:06 Light Cavalry
36:26 Paladin
37:24 Stone Mining
38:12 Gold Shaft Mining
38:09 Crop Rotation
40:49 Pikeman
41:30 Scale Mail Armor
42:34 Chain Mail Armor
43:13 Conscription
47:17 Coinage
46:49 Hussar
46:52 Elite Magyar Huszar
47:26 Fletching
47:36 Padded Archer Armor
51:42 Two-Man Saw
51:45 Town Watch
53:37 Ballistics
53:34 Masonry
Baz
3:31 Loom
14:56 Feudal Age
20:22 Castle Age
19:16 Double-Bit Axe
37:12 Horse Collar
43:03 Redemption
49:43 Wheelbarrow
48:56 Town Watch
49:49 Ballistics
50:25 Fletching
50:36 Padded Archer Armor
52:17 Leather Archer Armor
51:43 Elite Skirmisher
53:09 Thumb Ring
53:08 Heavy Plow
53:12 Bodkin Arrow
Subutay
4:40 Loom
12:51 Feudal Age
14:12 Double-Bit Axe
18:21 Fletching
21:14 Castle Age
20:15 Stone Mining
22:30 Medium Warships
25:44 Bodkin Arrow
26:21 Padded Archer Armor
28:50 Leather Archer Armor
29:21 Horse Collar
30:12 Town Watch
36:31 Imperial Age
34:47 Heavy Plow
35:29 Wheelbarrow
37:17 Ballistics
38:12 Chemistry
37:46 Conscription
38:25 Bracer
41:23 Ballistics
44:33 Elite Genoese Crossbowman
45:46 Hand Cart
46:51 Ring Archer Armor
agahgenc
5:26 Loom
13:01 Feudal Age
19:09 Castle Age
18:12 Stone Mining
18:14 Gold Mining
21:59 Double-Bit Axe
26:35 Padded Archer Armor
26:25 Fletching
26:33 Elite Skirmisher
38:19 Imperial Age
36:47 Leather Archer Armor
37:29 Bodkin Arrow
37:42 Scale Barding Armor
39:42 Wheelbarrow
39:39 Husbandry
40:26 Bloodlines
41:29 Heavy Camel Rider
42:34 Scale Mail Armor
res
6:26 Loom
16:45 Feudal Age
25:22 Double-Bit Axe
25:20 Horse Collar
29:06 Wheelbarrow
30:06 Gold Mining
31:59 Stone Mining
35:31 Castle Age
35:51 Gold Shaft Mining
35:30 Bow Saw
35:23 Heavy Plow
37:19 Scale Barding Armor
38:11 Husbandry
41:26 Hand Cart
45:16 Stone Shaft Mining
Connection lost

Rejoining the realm…

Still unreachable

The connection could not be restored.

Session expired

The server has moved on; the page needs a fresh start.